 Dungeon Crawl Stone Soup version 0.31-a0-1338-gb567cfdca4 (webtiles) character file.

Game seed: 13965484771742411722

83 wildpjah the Shield-Bearer (level 4, -1/35 HPs)
             Began as a Formicid Fighter on Dec 22, 2023.
             Killed from afar by Natasha (7 damage)
             ... with a magic dart
             ... on level 3 of the Dungeon.
             The game lasted 00:07:51 (2507 turns).

wildpjah the Shield-Bearer (Formicid Fighter)       Turns: 2507, Time: 00:07:52

Health: -1/35      AC:  6    Str: 21    XL:     4   Next: 71%
Magic:  4/5        EV: 10    Int:  9    God:
Gold:   90         SH:  5    Dex: 13    Spells: 3/4 levels left

rFire   . . .        e - staff of earth
rCold   . . .        c - +0 buckler
rNeg    . . .        h - +3 leather armour
rPois   .            (helmet unavailable)
rElec   .            (no cloak)
rCorr   .            (no gloves)
SInv    +            (no boots)
Will    .....        (no amulet)
Stlth   +            (no ring)
HPRegen 0.25/turn    (no ring)
MPRegen 0.09/turn

%: no passive effects
@: very slightly contaminated
A: permanent stasis, dig shafts and tunnels, antennae 3, four strong arms
a: Dig, Shaft Self


You were on level 3 of the Dungeon.
You visited 1 branch of the dungeon, and saw 3 of its levels.

You collected 90 gold pieces.

Inventory:

Hand Weapons
 a - a +0 long sword
 k - a +0 falchion
Armour
 b - a +0 scale mail
 c - a +0 buckler (worn)
 h - a +3 leather armour (worn)
Magical Staves
 e - a staff of earth (weapon)
Scrolls
 i - 2 scrolls of butterflies {unknown}
 j - a scroll of enchant armour {unknown}
 l - 3 scrolls of identify {unknown}
 o - a scroll of enchant weapon {unknown}
 p - a scroll of noise {unknown}
Potions
 d - a potion of might
 f - a potion of lignification {unknown}
 g - a potion of mutation {unknown}
 m - 2 potions of attraction {unknown}
 n - a potion of brilliance {unknown}


   Skills:
 + Level 3.5 Fighting
 - Level 2.0 Long Blades
 * Level 2.1 Staves
 + Level 3.6 Armour
 + Level 0.3 Dodging
 + Level 0.1 Stealth
 + Level 4.3 Shields
 * Level 0.7 Spellcasting
 * Level 1.5 Earth Magic
 * Level 0.5 Evocations


You had 3 spell levels left.
You knew the following spells:

 Your Spells              Type           Power      Damage    Failure   Level
a - Sandblast             Erth           8%         2d5       28%         1

Your spell library contained the following spells:

 Spells                   Type           Power      Damage    Failure   Level
 Foxfire                  Conj/Fire      0%         2x1d4     47%         1
 Necrotise                Necr           0%         1d4       47%         1
 Shock                    Conj/Air       0%         1d3       47%         1
 Slow                     Hex            0%         N/A       47%         1
 Lesser Beckoning         Tloc           0%         N/A       63%         2
 Momentum Strike          Conj/Tloc      0%         3d8       63%         2
 Confusing Touch          Hex            0%         N/A       85%         3
 Sigil of Binding         Hex            0%         N/A       85%         3
 Vampiric Draining        Necr           0%         2d6       85%         3
 Plasma Beam              Fire/Air       0%         2x1d10    100%        6
 Starburst                Conj/Fire      0%         6d3       100%        6
 Blink                    Tloc           Unusable   N/A       N/A         2

Dungeon Overview and Level Annotations

Branches:
Dungeon (3/15)

Altars:

Annotations:
D:3 Natasha


Innate Abilities, Weirdness & Mutations

You cannot be hasted, slowed, berserked, paralysed or teleported.
You can dig through walls and to a lower floor.
You have a pair of large antennae on your head. (SInv)
Your four strong arms can wield two-handed weapons with a shield.


Message History

Natasha claws you.
You hit Natasha.
Natasha is heavily wounded.
The cerulean imp barely misses you.
The cerulean imp hits you from afar with a +1 spear.
Natasha claws you but does no damage.
You hit Natasha but do no damage.
Natasha is heavily wounded.
The cerulean imp closely misses you. Natasha closely misses you.
The cerulean imp hits you but does no damage.
You hit Natasha.
Natasha is severely wounded.
The cerulean imp hits you but does no damage.
Natasha claws you.
The cerulean imp hits you but does no damage.
Aiming: Sandblast (safe; 28% risk of failure)
Press: ? - help, Q - select action, (/) - cycle Shift-Dir - straight line, f - Natasha
Aim: Natasha (severely wounded, 76% to hit)
You feel a surge of power!
You miscast Sandblast.
You are very lightly contaminated with residual magic.
Nothing appears to happen.
The cerulean imp hits you from afar with a +1 spear.
Natasha closely misses you.
The cerulean imp hits you from afar with a +1 spear.
* * * LOW HITPOINT WARNING * * *
You hit Natasha but do no damage.
Natasha is severely wounded.
The cerulean imp hits you from afar with a +1 spear.
* * * LOW HITPOINT WARNING * * *
Natasha claws you but does no damage.
The cerulean imp hits you but does no damage.
The cerulean imp closely misses you.
You hit Natasha.
Natasha is severely wounded.
The cerulean imp hits you from afar with a +1 spear.
* * * LOW HITPOINT WARNING * * *
Natasha stares at you and mumbles some strange words.
The magic dart hits you!
You die...
Natasha begins licking her fur clean.

.#...........
.#.#####.##.#
.#.......##.#
.#.########.#######+##
.#...................#
.#<#.######.#........#
.#.#.# ...#...5....#
.#.#.# #####†...!...#
.#.#.# ........@h5..#
.#.#.#
###########.....
.#.#.# #### .#.#.#
.#.#.# .#.# .#.# ...#
####


You could see Natasha and 2 cerulean imps.

Vanquished Creatures
  An adder (D:2)
  3 worms (D:2)
  3 dart slugs
  2 ball pythons
  4 bats
  3 endoplasms
  2 giant cockroaches
  4 goblins
  7 hobgoblins
  6 jackals (D:1)
  2 quokkas
  5 frilled lizards
  7 kobolds
  6 rats
55 creatures vanquished.

Notes
Turn   | Place    | Note
-------+----------+-------------------------------------------
     0 | D:1      | wildpjah the Formicid Fighter began the quest for the Orb.
     0 | D:1      | Reached XP level 1. HP: 18/18 MP: 1/1
    26 | D:1      | Got Thaumaturgy, Part One
   165 | D:1      | Reached XP level 2. HP: 12/24 MP: 2/2
   171 | D:1      | Learned a level 1 spell: Sandblast
   360 | D:1      | Reached skill level 1 in Staves
   368 | D:1      | Reached XP level 3. HP: 28/29 MP: 3/3
   652 | D:1      | Found a faded altar of an unknown god.
  1304 | D:2      | Reached XP level 4. HP: 24/35 MP: 4/4
  1376 | D:2      | Reached skill level 1 in Earth Magic
  2493 | D:3      | Noticed Natasha
  2507 | D:3      | Killed from afar by Natasha

Illustrated notes

Levels and vault maps discovered:
D:1:      lemuel_arrival_cross, layout_loops_ring,
          shapermc_ecumenical_altar_flowoftime
D:2:      layout_basic
D:3:      layout_basic, amcnicky_altar_gilded, uniq_crazy_yiuf_cottage,
          uniq_grinder, uniq_natasha

Skill      XL: |  1  2  3  4 |
---------------+-------------+-----
Staves         | 1 2 |  2.1
Earth Magic    | 1 |  1.5
Fighting       | |  3.5
Long Blades    | |  2.0
Armour         | |  3.6
Dodging        | |  0.3
Stealth        | |  0.1
Shields        | |  4.3
Spellcasting   | |  0.7
Evocations     | |  0.5

Action                     |  1- 3 |  4- 6 || total
---------------------------+-------+-------++-------
  Melee: Staff             |   174 |    55 ||   229
         Long sword        |     8 |       ||     8
   Cast: Sandblast         |       |    21 ||    21
 Armour: Scale mail        |    65 |       ||    65
         Leather armour    |    47 |    37 ||    84
  Dodge: Dodged            |    82 |    23 ||   105
  Block: Buckler           |    48 |    12 ||    60

Table legend: (Time is in decaauts)
 A = Elapsed time spent in this place.
 B = Non-inter-level travel time spent in this place.
 C = Inter-level travel time spent in this place.
 D = Time resting spent in this place.
 E = Time spent auto-exploring this place.
 F = Levels seen in this place.
 G = Mean time per level.
                   A        B        C        D        E       F      G
               +--------+--------+--------+--------+--------+-----+--------+
         Total |   2557 |   2503 |     54 |     36 |   1919 |   3 |  852.3 |
       Dungeon |   2557 |   2503 |     54 |     36 |   1919 |   3 |  852.3 |
               +--------+--------+--------+--------+--------+-----+--------+

Top non-repeatable levels by time:
     D:2: 1376 daAuts
     D:1: 1025 daAuts
     D:3: 155 daAuts
